AoeStats
← t0lu

Arena

508104514Analyzed
1v1 RM · 12d ago on Sep 20, 2026· 41m 32s· 2 players
Game mode
Random Map
Map size
Tiny (2 player)
Population
200
Speed
Normal
Resources
Standard
Victory
Conquest
Starting age
Dark Age
Ending age
Imperial Age
RankedLock teamsTeams togetherTeam positionsShared explorationLock speedFull tech treeHidden civsTurbo modeCheats
Victory
Defeat
🇦🇷 Celts · Argentina
929
+16
🇦🇹 Inca · Austria
927
-16
nobodys23
10:58 Feudal Age
15:35 Castle Age
15:01 Horse Collar
15:27 Double-Bit Axe
17:22 Town Watch
17:24 Loom
18:35 Sanctity
19:28 Wheelbarrow
22:07 Gold Mining
22:33 Stone Mining
23:56 Heavy Plow
24:35 Bow Saw
27:00 Gold Shaft Mining
27:16 Hand Cart
28:51 Murder Holes
29:46 Fletching
30:34 Masonry
32:45 Ballistics
36:00 Forging
35:50 Scale Mail Armor
36:18 Bodkin Arrow
36:37 Forging
36:27 Scale Mail Armor
39:19 Iron Casting
39:41 Chain Mail Armor
t0lu
11:52 Feudal Age
13:22 Horse Collar
16:05 Wheelbarrow
19:11 Castle Age
17:21 Double-Bit Axe
17:02 Man-at-Arms
18:48 Scale Mail Armor
18:43 Gold Mining
19:51 Long Swordsman
21:56 Bow Saw
21:36 Gambesons
22:08 Forging
23:01 Chain Mail Armor
24:00 Arson
25:11 Loom
25:12 Town Watch
26:53 Iron Casting
39:49 Fletching
Connection lost

Rejoining the realm…

Still unreachable

The connection could not be restored.

Session expired

The server has moved on; the page needs a fresh start.